 Dungeon Crawl Stone Soup version 0.24.1-8-ga250c9d538 (webtiles) character file.

Game seed: 5124547189930214808, levelgen mode: deterministic

8418 Hugehornet the Martial Artist (level 11, -6/67 HPs)
             Began as an Octopode Transmuter on May 8, 2020.
             Was a High Priest of Cheibriados.
             Mangled by a seven-headed hydra (14 damage)
             ... on level 1 of the Lair of Beasts.
             The game lasted 00:43:07 (15743 turns).

Hugehornet the Martial Artist (OpTm)               Turns: 15743, Time: 00:43:08

Health: -6/67      AC:  5    Str: 22    XL:     11   Next: 30%
Magic:  18/21      EV: 16    Int: 31    God:    Cheibriados [*****.]
Gold:   462        SH:  0    Dex: 24    Spells: 8/23 levels left

rFire    . . .     SeeInvis .     - Unarmed
rCold    . . .     Gourm    .   (shield currently unavailable)
rNeg     . . .     Faith    +   (helmet restricted)
rPois    +         Spirit   .   h - amulet of faith
rElec    .         Reflect  .   b - ring of protection from magic
rCorr    .         Harm     .   x - ring of protection from magic
MR       ++...                  v - +4 ring of protection
Stlth    ++++......             B - ring of ice
HPRegen  0.21/turn              y - ring of fire
MPRegen  0.17/turn              D - ring of poison resistance
                                (no ring)
                                (no ring)

@: blade tentacles, very slow
A: almost no armour, stealthy swim, amphibious, 8 rings, constrict 8, camouflage
1, blurry vision 1, gelatinous body 1, MP-powered wands
a: End Transformation, Bend Time, Temporal Distortion, Slouch, Step From Time,
Renounce Religion


You were on level 1 of the Lair of Beasts.
You worshipped Cheibriados.
Cheibriados was extremely pleased with you.
You were very hungry.
You had blades for tentacles.
You visited 2 branches of the dungeon, and saw 10 of its levels.
You also visited: Sewer.

You collected 462 gold pieces.

Inventory:

Missiles
 a - 231 arrows
Jewellery
 b - a ring of protection from magic (left scythe-like blade)
 h - an amulet of faith (around mantle)
 v - a +4 ring of protection (on tentacle)
 x - a ring of protection from magic (right scythe-like blade)
 y - a ring of fire (on tentacle)
 B - a ring of ice (on tentacle)
 D - a ring of poison resistance (on tentacle)
 I - an uncursed amulet of the acrobat
Wands
 u - a wand of iceblast (6)
 E - a wand of paralysis (8)
 F - a wand of scattershot (3)
 H - a wand of acid (7)
Scrolls
 d - 2 scrolls of teleportation
 e - 3 scrolls of enchant armour
 j - a scroll of amnesia
 n - 3 scrolls of random uselessness {unknown}
 o - 2 scrolls of fear
 p - 3 scrolls of enchant weapon
 r - a scroll of fog {unknown}
 s - 2 scrolls of noise {unknown}
 t - a scroll of magic mapping
 w - 2 scrolls of remove curse
Potions
 f - 5 potions of curing
 g - a potion of flight
 i - a potion of lignification
 k - 2 potions of agility
 l - a potion of ambrosia
 C - 2 potions of might
Miscellaneous
 m - a lamp of fire
Comestibles
 c - 20 rations


   Skills:
 * Level 3.6 Fighting
 * Level 4.0 Dodging
 + Level 3.8 Stealth
 - Level 8.9 Unarmed Combat
 - Level 6.9 Spellcasting
 - Level 8.9 Transmutations
 - Level 6.0 Ice Magic
 - Level 3.0 Poison Magic
 + Level 5.1 Invocations


You had 8 spell levels left.
You knew the following spells:

 Your Spells              Type           Power        Failure   Level  Hunger
a - Beastly Appendage     Tmut           ######       8%          1    None
b - Sticks to Snakes      Tmut           ######..     9%          2    None
c - Spider Form           Tmut/Pois      #####.....   16%         3    None
d - Ice Form              Ice/Tmut       ######..     21%         4    ##.....
e - Blade Hands           Tmut           ######....   26%         5    ####...

Your spell library contained the following spells:

 Spells                   Type           Power        Failure   Level  Hunger


Dungeon Overview and Level Annotations

Branches:
Dungeon (9/15)             Temple (0/1) D:7            Lair (1/6) D:8
  Sewer (visited)
    Orc: D:9-12

Altars:
Cheibriados
Elyvilon
Gozag
Kikubaaqudgha
Makhleb
Ru
Sif Muna
Wu Jian
Xom
Yredelemnul
Beogh

Annotations:
D:4 1 runed translucent door
D:7 Harold
D:8 1 runed translucent door, greedy's ghost, novice DsAr
Lair:1 3 exclusions


Innate Abilities, Weirdness & Mutations

You cannot wear most types of armour.
You are very stealthy in the water. (Stealth+)
You are amphibious.
You can wear up to eight rings at the same time.
You can use your tentacles to constrict eight enemies at once.
Your skin changes colour to match your surroundings (Stealth+).
Your rubbery body absorbs attacks. (AC +1, EV +1)
Scrolls take you a little longer to read.
You expend magic power (3 MP) to strengthen your wands.


Message History

You kill the wyvern!
Cheibriados thoroughly appreciates the change of pace.
Your Dodging skill increases to level 4!
You slice one of the four-headed hydra's heads off!
The three-headed hydra grows two more!
You shred the five-headed hydra!!!
The five-headed hydra is heavily wounded.
You chop one of the five-headed hydra's heads off!
The four-headed hydra grows two more!
You slice the six-headed hydra!!
The six-headed hydra is severely wounded.
The six-headed hydra bites you!
The six-headed hydra completely misses you.
The six-headed hydra bites you! The six-headed hydra bites you.
The six-headed hydra bites you! The six-headed hydra bites you.
You slice one of the six-headed hydra's heads off!
The five-headed hydra grows two more!
You slice the seven-headed hydra!!
The seven-headed hydra is almost dead.
The seven-headed hydra misses you. The seven-headed hydra bites you!
* * * LOW HITPOINT WARNING * * *
The seven-headed hydra bites you!
You die...

. #... . #... #..##
# #..P .# ## ##
##...
..##P####.P###...##
⌠.+...............#
................D.#
+.#.............@.#
..................#
.#..##+##.........#
.#................#
..................#
.#......#..#+PP...#
.####.#.#......#..#
....)......+...#..#
...........#...#..#


You could see a seven-headed hydra.

Vanquished Creatures
  Pikel (D:4)
  2 spiny frogs (Lair:1)
  2 komodo dragons (Lair:1)
  A troll (D:9)
  Sigmund (D:4)
  A wyvern (Lair:1)
  14 yaks
  A hungry ghost (D:9)
  2 water moccasins (Lair:1)
  A porcupine (Lair:1)
  4 orc warriors
  Purgy (Sewer)
  A sky beast (D:7)
  3 slaves
  4 ogres
  A phantom (D:6)
  4 crocodiles (Lair:1)
  8 centaurs
  A big kobold (D:7)
  6 bullfrogs
  3 scorpions
  5 wights (D:4)
  3 howler monkeys
  2 hounds
  2 quasits
  A human zombie (D:4)
  A centaur skeleton (D:6)
  2 orc priests
  7 orc wizards
  3 iron imps (D:5)
  A bullfrog skeleton (D:9)
  2 iguanas
  11 worker ants
  A hound zombie (D:6)
  A worker ant zombie (D:6)
  Robin (D:3)
  A howler monkey skeleton (D:4)
  8 adders
  A shadow imp (D:6)
  4 worms
  3 leopard geckos
  33 orcs
  5 giant cockroaches
  16 goblins
  6 hobgoblins
  8 jackals
  11 kobolds
  2 quokkas
  3 ball pythons
  5 bats
  12 frilled lizards
  A goblin skeleton (D:4)
  A leopard gecko skeleton (D:4)
  A quokka skeleton (D:8)
  13 rats
239 creatures vanquished.

Vanquished Creatures (collateral kills)
  A wyvern zombie (D:9)
  A jelly (D:9)
  An orc (D:9)
3 creatures vanquished.

Vanquished Creatures (others)
  A slave (D:4)
  A fungus (D:8)
  5 plants
7 creatures vanquished.

Grand Total: 249 creatures vanquished

Notes
Turn   | Place    | Note
-------+----------+-------------------------------------------
     0 | D:1      | Hugehornet the Octopode Transmuter began the quest for the
                  | Orb.
     0 | D:1      | Reached XP level 1. HP: 13/13 MP: 3/3
   215 | D:1      | Reached XP level 2. HP: 17/18 MP: 1/5
   931 | D:2      | Reached skill level 1 in Stealth
  1167 | D:2      | Reached XP level 3. HP: 14/23 MP: 4/6
  1174 | D:2      | Learned a level 2 spell: Sticks to Snakes
  1178 | D:2      | Learned a level 3 spell: Spider Form
  1938 | D:3      | Reached skill level 1 in Poison Magic
  1938 | D:3      | Reached XP level 4. HP: 17/28 MP: 8/8
  2093 | D:3      | Found a white marble altar of Elyvilon.
  2136 | D:3      | Found a faded altar of an unknown god.
  2188 | D:3      | Found an ornate altar of the Wu Jian Council.
  2393 | D:3      | Noticed Robin
  2482 | D:3      | Killed Robin
  2857 | D:4      | Noticed an ogre
  2871 | D:4      | Killed an ogre
  2871 | D:4      | Reached XP level 5. HP: 33/33 MP: 6/9
  2878 | D:4      | Learned a level 4 spell: Ice Form
  2903 | D:4      | Noticed a slave
  2905 | D:4      | Noticed a slave
  2947 | D:4      | Noticed Sigmund
  2958 | D:4      | HP: 1/33 [Sigmund/+0 scythe (3)]
  2960 | D:4      | Killed Sigmund
  2960 | D:4      | Reached skill level 1 in Ice Magic
  2960 | D:4      | Reached XP level 6. HP: 2/38 MP: 7/10
  3288 | D:4      | Killed a slave
  3346 | D:4      | Noticed a slave
  3348 | D:4      | Noticed Pikel
  3350 | D:4      | Noticed a slave
  3359 | D:3      | Killed a slave
  3496 | D:3      | Killed a slave
  3617 | D:4      | Found a runed translucent door.
  3617 | D:4      | Noticed a human
  3650 | D:3      | Reached skill level 5 in Unarmed Combat
  3650 | D:3      | Reached XP level 7. HP: 27/43 MP: 7/12
  3810 | D:4      | Killed Pikel
  3810 | D:4      | Reached XP level 8. HP: 16/48 MP: 12/14
  3856 | D:3      | HP: 2/48 [poisoned by a worker ant]
  4272 | D:4      | Found a basalt altar of Yredelemnul.
  4886 | D:4      | Reached skill level 5 in Transmutations
  5389 | D:5      | Entered Level 5 of the Dungeon
  5396 | D:5      | Found a burning altar of Makhleb.
  5429 | D:5      | Reached skill level 5 in Spellcasting
  5625 | D:5      | Found a snail-covered altar of Cheibriados.
  5740 | D:5      | Became a worshipper of Cheibriados the Contemplative
  5745 | D:5      | Found a shimmering blue altar of Sif Muna.
  5953 | D:5      | Reached XP level 9. HP: 46/53 MP: 15/17
  6475 | D:6      | Reached skill level 5 in Ice Magic
  6503 | D:6      | Found a glowing drain.
  6663 | D:6      | Gained mutation: Your spells are a little harder to cast,
                  | but a little more powerful. [potion of mutation]
  6663 | D:6      | Gained mutation: Scrolls take you a little longer to read.
                  | [potion of mutation]
  6663 | D:6      | Gained mutation: You have a pair of small antennae on your
                  | head. [potion of mutation]
  6665 | Sewer    | Entered a sewer
  6689 | Sewer    | Reached * piety under Cheibriados
  6743 | Sewer    | Noticed Purgy
  6860 | Sewer    | Killed Purgy
  6959 | Sewer    | Learned a level 5 spell: Blade Hands
  7969 | D:6      | Reached skill level 1 in Invocations
 11529 | D:7      | Found a staircase to the Ecumenical Temple.
 11537 | D:7      | Noticed Harold
 11664 | D:7      | Reached ** piety under Cheibriados
 11940 | D:8      | Reached XP level 10. HP: 56/58 MP: 15/19
 12041 | D:8      | Lost mutation: Scrolls take you a little longer to read.
                  | [potion of mutation]
 12041 | D:8      | Lost mutation: Your spells are a little harder to cast, but
                  | a little more powerful. [potion of mutation]
 12041 | D:8      | Lost mutation: You have a pair of small antennae on your
                  | head. [potion of mutation]
 12041 | D:8      | Gained mutation: Scrolls take you a little longer to read.
                  | [potion of mutation]
 12041 | D:8      | Gained mutation: You expend magic power (3 MP) to
                  | strengthen your wands. [potion of mutation]
 12406 | D:8      | Found a staircase to the Lair.
 12498 | D:8      | Reached *** piety under Cheibriados
 12681 | D:8      | Found a runed translucent door.
 12687 | D:8      | Identified the cursed +3 spear "Zuurhic" {venom, +Fly MR+
                  | Int+4}
 12689 | D:8      | Noticed greedy's ghost (novice DsAr)
 12758 | D:8      | Found a shimmering altar of Xom.
 12758 | D:8      | Found an opulent altar of Gozag.
 12994 | D:9      | Found a sacrificial altar of Ru.
 13077 | D:9      | Found a roughly hewn altar of Beogh.
 13602 | D:9      | Reached **** piety under Cheibriados
 14391 | D:9      | Found an ancient bone altar of Kikubaaqudgha.
 14563 | Lair:1   | Entered Level 1 of the Lair of Beasts
 14826 | Lair:1   | Reached ***** piety under Cheibriados
 14831 | Lair:1   | Reached XP level 11. HP: 19/64 MP: 13/21
 15288 | Lair:1   | Reached skill level 5 in Invocations
 15736 | Lair:1   | Noticed a four-headed hydra
 15743 | Lair:1   | Mangled by a seven-headed hydra

Levels and vault maps discovered:
D:1:      dpeg_arrival_water_altar, layout_basic, minmay_hedge_maze, st_stairs_9
D:2:      layout_rooms, first_ration
D:3:      kennysheep_goblin_castle, layout_rooms,
          nicolae_overflow_hidden_temple, lemuel_round_altar,
          chequers_ecumenical_altar_island, serial_bayou_crossing
D:4:      layout_loops_ring, dk_yredelemnul_ordeal, uniq_pikel, uniq_sigmund
D:5:      layout_basic, nicolae_overflow_crystal_walls, demons_altar,
          lemuel_crystal_altar
D:6:      layout_loops_corners, portal_sewer_entry_c, centaur_isle
D:7:      layout_loops_ring, marbit_many_paths, gammafunk_temple_overflow_claw,
          temple_pool_b, uniq_harold
D:8:      layout_basic, gammafunk_temple_overflow_elements, lair_entry_dummy,
          ebering_ghost_funeral_grove
D:9:      layout_roguey [special_room_orc], lemuel_coloured_pillars_altar,
          kennysheep_mini
Lair:1:   layout_chaotic_city, wad_woods_river_04,
          eino_small_chamber_without_monster, grunt_megastairs_4,
          serial_bayou_shore_b, minmay_lair_oklob_chamber,
          infiniplex_staircase_pool, lemuel_fruit_tree

Skill      XL: |  1  2  3  4  5  6  7  8  9 10 11 |
---------------+----------------------------------+-----
Stealth        | 1 2 3 |  3.8
Poison Magic   | 1 3 |  3.0
Transmutations | 3 4 5 7 8 |  8.9
Spellcasting   | 3 4 5 6 |  6.9
Unarmed Combat | 4 5 6 8 |  8.9
Ice Magic      | 1 2 4 6 |  6.0
Invocations    | 3 4 5 |  5.1
Fighting       | 3 |  3.6
Dodging        | 4 |  4.0

Action                   |  1- 3 |  4- 6 |  7- 9 | 10-12 || total
-------------------------+-------+-------+-------+-------++-------
Melee: Unarmed           |    75 |    88 |   346 |   208 ||   717
       Constrict         |    23 |    16 |    36 |    23 ||    98
       Kick              |    18 |    14 |    64 |    26 ||   122
       Tentacles         |    10 |     8 |    42 |    28 ||    88
       Punch             |     1 |     1 |    12 |    13 ||    27
 Cast: Beastly Appendage |    27 |    19 |    33 |    20 ||    99
       Spider Form       |       |     4 |    23 |     5 ||    32
       Sticks to Snakes  |       |       |     2 |     8 ||    10
       Blade Hands       |       |       |       |    17 ||    17
 Abil: End Transformatio |       |     1 |     4 |     1 ||     6
  Use: Scroll            |     8 |     1 |     6 |     5 ||    20
       Potion            |       |     1 |     3 |     4 ||     8
 Stab: Sleeping          |     9 |     6 |     4 |     5 ||    24
       Distracted        |       |       |     2 |       ||     2
  Eat: Chunk             |     3 |     4 |     9 |    10 ||    26
       Ration            |       |     1 |     2 |       ||     3
Armor: Skin              |     3 |     1 |    36 |    13 ||    53
Dodge: Dodged            |    44 |    43 |   312 |   107 ||   506
